 Dungeon Crawl Stone Soup version 0.29-a0-529-gfa20dd96a1 (webtiles) character file.

Game seed: 13643526474350104887

13143 MechDurjaeses the Brawler (level 11, -1/100 HPs)
             Began as a Troll Fighter on June 1, 2022.
             Was an Elder of Okawaru.
             Slain by Jorgrun
             ... wielding a staff of earth
              (6 damage)
             ... on level 12 of the Dungeon on June 2, 2022.
             The game lasted 01:17:20 (11431 turns).

MechDurjaeses the Brawler (Troll Fighter)          Turns: 11431, Time: 01:17:21

Health: -1/100     AC:  7    Str: 30    XL:     11   Next: 71%
Magic:  4/10       EV: 15    Int:  4    God:    Okawaru [****..]
Gold:   675        SH: 13    Dex:  9    Spells: 10/10 levels left

rFire   . . .      SeeInvis .     - Unarmed
rCold   . . .      Faith    .   b - +3 kite shield
rNeg    . . .      Spirit   .   G - +0 troll leather armour
rPois   .          Reflect  .   (helmet restricted)
rElec   .          Harm     .   f - scarf {repulsion}
rCorr   .          Rampage  .   (gloves unavailable)
Will    +....                   (boots unavailable)
Stlth   ++........              j - amulet of magic regeneration
HPRegen 1.86/turn               D - +4 ring of evasion
MPRegen 0.52/turn               o - ring of willpower

@: heroic, finesse-ful, repel missiles
A: large, unfitting armour, claws 3, regeneration 1, shaggy fur 1, tough skin 1
a: Renounce Religion, Heroism, Finesse


You were on level 12 of the Dungeon.
You worshipped Okawaru.
Okawaru was greatly pleased with you.
You visited 2 branches of the dungeon, and saw 13 of its levels.
You also visited: Sewer.

You collected 699 gold pieces.
You spent 24 gold pieces at shops.

Inventory:

Hand Weapons
 F - a +3 scimitar of flaming
 H - a +2 quarterstaff of speed
Missiles
 a - 48 poisoned darts
 g - 3 throwing nets
 i - 6 boomerangs
 x - 5 silver javelins
 y - 3 javelins
Armour
 b - a +3 kite shield (worn)
 f - a scarf of repulsion (worn)
 q - +0 steam dragon scales
 v - a +2 cloak
 G - a +0 troll leather armour (worn)
Magical Staves
 w - a staff of conjuration
Jewellery
 d - a ring of flight
 j - an amulet of magic regeneration (around neck)
 o - a ring of willpower (right claw)
 D - a +4 ring of evasion (left claw)
Wands
 t - a wand of acid (4)
 E - a wand of digging (6)
 I - a wand of iceblast (6) (quivered)
 J - a wand of paralysis (4)
 N - a wand of flame (3)
Scrolls
 c - a scroll of fog
 k - 3 scrolls of teleportation
 l - a scroll of identify
 r - 2 scrolls of silence
 z - 2 scrolls of amnesia
 A - a scroll of torment
 C - 2 scrolls of enchant weapon
 M - a scroll of immolation
Potions
 e - 5 potions of curing
 h - 2 potions of lignification
 m - 2 potions of mutation
 n - 2 potions of magic
 p - 3 potions of might
 s - 2 potions of flight
 u - a potion of resistance
 B - 2 potions of brilliance
 K - a potion of berserk rage
 O - a potion of cancellation
Miscellaneous
 L - a lightning rod (inert)


   Skills:
 + Level 4.0(9.0) Fighting
 + Level 3.1(8.1) Throwing
 + Level 2.2(7.2) Armour
 + Level 5.6(10.6) Dodging
 + Level 7.1(12.1) Shields
 * Level 15.1(20.1) Unarmed Combat
 + Level 1.3 Evocations


You had 10 spell levels left.
You didn't know any spells.
Your spell library contained the following spells:

 Spells                   Type           Power      Damage    Failure   Level
 Apportation              Tloc           0%         N/A       73%         1
 Magic Dart               Conj           0%         1d3       73%         1
 Necrotize                Necr           0%         1d4       73%         1
 Ensorcelled Hibernation  Hex/Ice        0%         N/A       86%         2
 Passwall                 Tmut/Erth      0%         N/A       86%         2
 Searing Ray              Conj           0%         2d4       86%         2
 Sublimation of Blood     Necr           0%         N/A       86%         2
 Spider Form              Tmut/Pois      0%         N/A       97%         3
 Swiftness                Air            0%         N/A       97%         3
 Anguish                  Hex/Necr       0%         N/A       100%        4
 Fulminant Prism          Conj/Hex       0%         3d6       100%        4
 Petrify                  Tmut/Erth      0%         N/A       100%        4
 Irradiate                Conj/Tmut      0%         3d13      100%        5
 Summon Small Mammal      Summ           Unusable   N/A       N/A         1

Dungeon Overview and Level Annotations

Branches:
Dungeon (12/15)            Temple (1/1) D:5            Lair (0/6) D:10
  Sewer (visited)
    Orc: D:9-12

Altars:
Ashenzari
Cheibriados
Dithmenos
Elyvilon
Fedhas
Gozag
Hepliaklqana
Kikubaaqudgha
Makhleb
Nemelex Xobeh
Okawaru
Qazlal
Ru
Sif Muna
Trog
Uskayaw
Vehumet
Wu Jian
Xom
Yredelemnul
Zin
The Shining One

Shops:
D:1 (:(?   D:11 ?

Annotations:
D:11 1 runed translucent door
D:12 Jorgrun


Innate Abilities, Weirdness & Mutations

You are too large for most types of armour.
You have claws for hands.
Your natural rate of healing is unusually fast.
You are covered in fur. (AC +1)
You have tough skin. (AC +1)


Message History

You mangle Jorgrun!!
Jorgrun is moderately wounded.
An orc wizard comes into view. It is wielding a +0 dagger.
You closely miss Jorgrun.
Jorgrun is moderately wounded.
Jorgrun hits you with a staff of earth!
You miss Jorgrun.
Jorgrun is moderately wounded.
Jorgrun hits you with a staff of earth! Jorgrun shatters you!
The orc wizard casts a spell.
The orc wizard flickers and vanishes!
Deactivating autopickup; reactivate with Ctrl-A.
You are too injured to fight recklessly!
You miss Jorgrun.
Jorgrun is moderately wounded.
An orc priest comes into view. It is wielding a +0 whip.
Jorgrun says, "A few more walls knocked out 'ere an' thar an' 'tis whole place will come crashin' down."
Jorgrun hits you with a staff of earth!
* * * LOW HITPOINT WARNING * * *
You gain the combat prowess of a mighty hero.
Jorgrun mutters some incantations to himself.
Jorgrun barely misses you.
You can now deal lightning-fast blows.
The orc priest hits you with a +0 whip.
* * * LOW HITPOINT WARNING * * *
Jorgrun points at you and mumbles some strange words.
The iron shot misses you.
You eviscerate the orc priest!!!
You kill the orc priest!
Okawaru accepts your kill.
You barely miss Jorgrun.
Jorgrun is moderately wounded.
Jorgrun hits you with a staff of earth!
* * * LOW HITPOINT WARNING * * *
Jorgrun shatters you!
* * * LOW HITPOINT WARNING * * *
You miss Jorgrun.
Jorgrun is moderately wounded.
Jorgrun attacks as you move away! Jorgrun hits you with a staff of earth.
You die...

................#≈≈#.
.......<....# #≈≈≈≈.
............###≈≈≈≈≈. .
............##≈≈≈≈≈≈...
.............≈≈≈≈≈≈≈...
###########....≈≈≈≈≈...
##...##≈≈≈.?.
###8...)#≈≈≈..#
#......@g≈{≈..#
####...##≈≈≈... #...#
≈#... #8...⌠ # .
##...## #...# ....#
.....8


You could see Jorgrun.

Vanquished Creatures
  A boulder beetle (D:11)
  Erica (D:8)
  Pikel (D:8)
  Maggie (D:6)
  2 kobold demonologists (D:11)
  2 unseen horrors (D:11)
  Psyche (D:8)
  A komodo dragon (D:10)
  A troll (D:9)
  2 wraiths
  A shadow (D:11)
  2 vampires (D:11)
  25 yaks
  2 steam dragons
  2 sky beasts (D:7)
  3 black bears
  2 ogres
  A wolf (D:7)
  2 centaurs
  3 lemures (D:8)
  5 kobold brigands
  A phantom (D:7)
  3 gnoll sergeants
  4 bullfrogs
  A scorpion (D:5)
  2 necrophages (D:5)
  5 wights (D:8)
  12 killer bees
  A howler monkey (D:11)
  6 electric eels
  2 gnoll shamans (D:7)
  2 jellies (D:6)
  5 orc priests
  9 hounds
  Terence (D:2)
  4 iguanas
  8 orc wizards
  47 gnolls
  13 adders
  5 river rats
  3 shadow imps
  2 ufetubi
  10 worms
  A dart slug (D:1)
  22 orcs
  14 ball pythons
  4 endoplasms
  26 hobgoblins
  6 jackals (D:7)
  2 quokkas
  4 bats
  4 frilled lizards
  34 goblins
  31 kobolds
  28 rats
383 creatures vanquished.

Vanquished Creatures (collateral kills)
  Grinder (D:5)
  An orc priest (D:3)
  An orc (D:3)
3 creatures vanquished.

Vanquished Creatures (others)
  12 plants
12 creatures vanquished.

Grand Total: 398 creatures vanquished

Notes
Turn   | Place    | Note
-------+----------+-------------------------------------------
     0 | D:1      | MechDurjaeses the Troll Fighter began the quest for the
                  | Orb.
     0 | D:1      | Reached XP level 1. HP: 22/22 MP: 0/0
    73 | D:1      | Found Eczol's Antique Weapon Shoppe.
   181 | D:1      | Found Pizeann's Magic Scroll Shoppe.
   187 | D:1      | Reached XP level 2. HP: 29/29 MP: 1/1
   197 | D:1      | Bought a scroll of identify for 24 gold pieces
   205 | D:1      | Found a faded altar of an unknown god.
   246 | D:1      | Found Ryzin's Antique Weapon Emporium.
   369 | D:1      | Found Esoggucu's Book Emporium.
   494 | D:2      | Noticed Terence
   503 | D:2      | Killed Terence
   504 | D:2      | Reached XP level 3. HP: 33/36 MP: 2/2
   582 | D:2      | Reached skill level 3 in Unarmed Combat
   604 | D:2      | Reached XP level 4. HP: 44/44 MP: 3/3
  1800 | D:3      | Reached XP level 5. HP: 12/52 MP: 4/4
  1805 | D:3      | Reached skill level 4 in Unarmed Combat
  1887 | D:3      | Found a glowing drain.
  1901 | Sewer    | Entered a sewer
  2098 | Sewer    | Reached XP level 6. HP: 52/59 MP: 5/5
  2169 | Sewer    | Reached skill level 5 in Unarmed Combat
  2768 | D:4      | Reached XP level 7. HP: 23/67 MP: 6/6
  3029 | D:4      | Found a shimmering altar of Xom.
  3434 | D:5      | Entered Level 5 of the Dungeon
  3446 | D:5      | Reached skill level 6 in Unarmed Combat
  3461 | D:5      | Noticed Grinder
  3518 | D:5      | Paralysed by Grinder for 3 turns
  3524 | D:5      | Paralysed by Grinder for 5 turns
  3530 | D:5      | Killed Grinder
  3591 | D:5      | Reached skill level 7 in Unarmed Combat
  3716 | D:5      | Reached XP level 8. HP: 74/75 MP: 7/7
  3718 | D:5      | Identified the +5 scale mail of the Camelopard {rN+ Str-3
                  | Dex+3}
  3797 | D:5      | HP: 2/75 [centaur/+0 falchion (9)]
  3822 | D:5      | HP: 3/75 [iguana (12)]
  4100 | D:5      | Reached skill level 8 in Unarmed Combat
  4234 | D:5      | Noticed Eustachio
  4236 | D:5      | Noticed Eustachio
  4236 | D:5      | Eustachio changed into Eustachio the worm
  4237 | D:5      | Killed Eustachio the worm
  4266 | D:5      | Found a staircase to the Ecumenical Temple.
  4435 | D:6      | Reached skill level 1 in Throwing
  4633 | D:6      | Found a radiant altar of Vehumet.
  4654 | D:6      | Reached skill level 5 in Shields
  4669 | D:6      | Noticed Maggie
  4683 | D:6      | Killed Maggie
  4684 | D:6      | Reached skill level 9 in Unarmed Combat
  5016 | D:6      | Reached XP level 9. HP: 83/83 MP: 8/8
  6193 | D:6      | Reached skill level 10 in Unarmed Combat
  6248 | Temple   | Entered the Ecumenical Temple
  6476 | D:7      | Found a transporter.
  6488 | D:7      | Found a transporter.
  6835 | D:7      | Reached skill level 1 in Evocations
  7185 | D:7      | Reached skill level 11 in Unarmed Combat
  7594 | D:8      | Reached XP level 10. HP: 82/91 MP: 9/9
  7700 | D:8      | Noticed Psyche
  7705 | D:8      | Killed Psyche
  8105 | D:8      | Reached skill level 12 in Unarmed Combat
  8107 | D:8      | Noticed Erica
  8116 | D:8      | Killed Erica
  8117 | D:8      | Reached skill level 5 in Dodging
  8185 | D:8      | Noticed Pikel
  8192 | D:8      | Killed Pikel
  8231 | D:8      | Found a blossoming altar of Fedhas.
  8231 | D:8      | Found an opulent altar of Gozag.
  8846 | D:9      | Found an iron altar of Okawaru.
  8854 | D:9      | Became a worshipper of Warmaster Okawaru
  9287 | D:9      | Reached skill level 13 in Unarmed Combat
  9364 | D:9      | Reached * piety under Okawaru
  9566 | D:10     | Entered Level 10 of the Dungeon
  9727 | D:10     | Reached XP level 11. HP: 64/98 MP: 10/10
  9769 | D:10     | Found a staircase to the Lair.
  9804 | D:10     | Reached skill level 14 in Unarmed Combat
  9817 | D:10     | Reached ** piety under Okawaru
  9830 | D:10     | Reached skill level 1 in Armour
 10037 | D:10     | Found a broken altar of Ashenzari.
 10516 | D:11     | Noticed a boulder beetle
 10533 | D:11     | Killed a boulder beetle
 10533 | D:11     | Reached *** piety under Okawaru
 10561 | D:11     | Reached skill level 15 in Unarmed Combat
 10770 | D:11     | Reached **** piety under Okawaru
 10999 | D:11     | Found Bagum's Magic Scroll Shoppe.
 11161 | D:11     | Found a runed translucent door.
 11164 | D:11     | Noticed a balrug
 11420 | D:12     | Noticed Jorgrun
 11429 | D:12     | HP: 4/100 [Jorgrun/staff of earth (15)]
 11431 | D:12     | Slain by Jorgrun

Illustrated notes

Levels and vault maps discovered:
D:1:      enne_arrival_octagon_isle, layout_rooms, serial_shops, shop,
          nicolae_diamond_shop, shop, nicolae_shop_hallway_plus,
          chequers_ecumenical_altar_island
D:2:      layout_loops_cross, nrook_mini_vaults, uniq_terence
D:3:      layout_basic, portal_sewer_entry_d, chequers_serial_rivers_room_b,
          columned_hall_lemuel, chequers_serial_rivers_room_b
D:4:      layout_gridville, mainiacjoe_overflow_alcove_2
D:5:      corexii_shack_village, layout_basic, minmay_temple_entry_proselytizer,
          nicolae_wormholes, uniq_grinder, uniq_eustachio
D:6:      minmay_goblin_kobold_castle, layout_loops_ring, kennysheep_mini_moat,
          hangedman_abyss_or_decor_jellyfish_corner, uniq_maggie
D:7:      gammafunk_steamed_eel, layout_cave_pools, serial_gnoll_camp,
          gnoll_camp_mini_loothouse, gnoll_camp_mini_hut, gnoll_camp_mini_hut,
          gnoll_camp_medium_02, gnoll_camp_mini_doghouse, gnoll_camp_medium_01
D:8:      layout_loops_corners, gammafunk_temple_overflow_elements, uniq_erica,
          uniq_psyche, uniq_pikel
D:9:      layout_layer_cave, mainiacjoe_overflow_cross_hatched
D:10:     layout_basic, nicolae_ashenzari_skybound, david_lair_shrubbed
D:11:     dreamdust_dug_too_deep, layout_irregular_city, serial_shops,
          nicolae_shop_statue_plus, chequers_arboretum
D:12:     layout_basic, erik_orc_4, serial_corexii_hall, corexii_hall_statues_l,
          chequers_hall_statues_corner_a, uniq_jorgrun
Temple:   eino_temple_scatter_basement

Skill      XL: |  1  2  3  4  5  6  7  8  9 10 11 |
---------------+----------------------------------+-----
Shields        | 3 4 5 6 7 |  7.1
Unarmed Combat | 3 4 5 7 9 11 13 15 | 15.1
Dodging        | 3 4 5 |  5.6
Fighting       | 3 4 |  4.0
Throwing       | 1 2 3 |  3.1
Evocations     | 1 |  1.3
Armour         | 2 |  2.2

Action                   |  1- 3 |  4- 6 |  7- 9 | 10-12 || total
-------------------------+-------+-------+-------+-------++-------
Melee: Unarmed           |    53 |   200 |   454 |   273 ||   980
       Punch             |       |       |     3 |       ||     3
Throw: Dart              |       |     5 |    19 |    39 ||    63
       Throwing net      |       |       |     3 |     9 ||    12
       Javelin           |       |       |     2 |     9 ||    11
Invok: Heroism           |       |       |       |     1 ||     1
       Finesse           |       |       |       |     1 ||     1
Evoke: Wand              |       |       |    29 |     2 ||    31
       Lightning rod     |       |       |       |     4 ||     4
  Use: Scroll            |     1 |    13 |    14 |     5 ||    33
       Potion            |       |     5 |    11 |       ||    16
 Stab: Sleeping          |       |     1 |     1 |       ||     2
       Held in net/web   |       |       |       |     1 ||     1
Armor: Robe              |     7 |    65 |    24 |       ||    96
       Steam dragon scal |       |       |   141 |     9 ||   150
       Troll leather arm |       |       |       |    36 ||    36
Dodge: Dodged            |    17 |    90 |   195 |    85 ||   387
       Repelled          |       |       |     1 |       ||     1
Block: Kite shield       |    12 |    90 |   232 |   107 ||   441

Table legend: (Time is in decaauts)
 A = Elapsed time spent in this place.
 B = Non-inter-level travel time spent in this place.
 C = Inter-level travel time spent in this place.
 D = Time resting spent in this place.
 E = Time spent auto-exploring this place.
 F = Levels seen in this place.
 G = Mean time per level.
                   A        B        C        D        E       F      G
               +--------+--------+--------+--------+--------+-----+--------+
         Total |  11342 |   9959 |   1383 |    735 |   6492 |  14 |  810.1 |
       Dungeon |  10842 |   9475 |   1367 |    728 |   6296 |  12 |  903.5 |
        Temple |    173 |    158 |     15 |      0 |    145 |   1 |  173.0 |
         Sewer |    326 |    326 |      0 |      7 |     51 |   1 |  326.0 |
               +--------+--------+--------+--------+--------+-----+--------+

Top non-repeatable levels by time:
     D:6: 1678 daAuts
     D:7: 1200 daAuts
     D:8: 1151 daAuts
     D:3: 1083 daAuts
    D:11: 1005 daAuts
     D:5: 995 daAuts
     D:4: 935 daAuts
     D:9: 824 daAuts
    D:10: 810 daAuts
     D:2: 636 daAuts
     D:1: 489 daAuts
   Sewer: 326 daAuts
  Temple: 173 daAuts
    D:12: 30 daAuts
